 Dungeon Crawl Stone Soup version 0.30-a0-715-gdb4ae3ece1 (webtiles) character file.

Game seed: 11877679454062255558

151 zinnoa the Magician (level 5, -4/35 HPs)
             Began as a Djinni Fire Elementalist on Jan 24, 2023.
             Killed by an exploding orc (5 damage)
             ... ignited by their inner flame
             ... on level 3 of the Dungeon.
             The game lasted 00:17:02 (3253 turns).

zinnoa the Magician (Djinni Fire Elementalist)      Turns: 3253, Time: 00:17:03

Health: -4/35      AC:  4    Str:  7    XL:     5   Next: 59%
Gold:   29         EV: 11    Int: 30    God:
                   SH:  0    Dex: 14

rFire   + + +      SeeInvis .    a - +2 dagger (holy)
rCold   x . .      Faith    .    (no shield)
rNeg    . . .      Spirit   .    r - +1 leather armour {rF+}
rPois   ∞          Reflect  .    (no helmet)
rElec   .          Harm     .    (no cloak)
rCorr   .          Rampage  .    (no gloves)
Will    .....                    (boots unavailable)
Stlth   ++                       (no amulet)
HPRegen 0.25/turn                j - +6 ring of intelligence
MPRegen 0.00/turn                o - +6 ring of intelligence

@: flying, very slightly contaminated
A: sickness immunity, fire resistance 2, cold vulnerability 1, float, innate
caster, HP casting, extra vitality 1
a: no special abilities


You were on level 3 of the Dungeon.
You visited 1 branch of the dungeon, and saw 3 of its levels.

You collected 183 gold pieces.
You spent 154 gold pieces at shops.

Inventory:

Hand Weapons
 a - a +2 dagger of holy wrath (weapon)
Armour
 r - a +1 leather armour of fire resistance (worn)
Jewellery
 i - a ring of see invisible
 j - a +6 ring of intelligence (left hand)
 o - a +6 ring of intelligence (right hand)
Scrolls
 h - a scroll of poison {unknown}
 k - a scroll of amnesia {unknown}
 l - a scroll of identify {unknown}
 n - a scroll of magic mapping {unknown}
 q - 3 scrolls of teleportation {unknown}
Potions
 b - a potion of berserk rage {unknown}
 c - a potion of resistance {unknown}
 d - 2 potions of might {unknown}
 e - 2 potions of attraction {unknown}
 f - a potion of curing {unknown}
 g - a potion of brilliance {unknown}
 m - a potion of degeneration {unknown}
 p - a potion of cancellation {unknown}


   Skills:
 + Level 0.1 Armour
 + Level 2.3 Dodging
 + Level 2.4 Stealth
 + Level 4.1 Spellcasting


You couldn't memorise any spells.
You knew the following spells:

 Your Spells              Type           Power      Damage    Failure   Level
a - Foxfire               Conj/Fire      100%       2x1d9     1%          1
b - Scorch                Fire           62%        2d8       2%          2
c - Kindle Blastsparks    Fire/Tloc/Air  62%        2d15      4%          3
d - Inner Flame           Hex/Fire       31%        N/A       4%          3
e - Flame Wave            Conj/Fire      31%        2d9       17%         4
f - Shock                 Conj/Air       100%       1d9       1%          1
g - Call Imp              Summ           31%        N/A       2%          2
Your spell library was empty.

Dungeon Overview and Level Annotations

Branches:
Dungeon (3/15)

Altars:

Shops:
D:1 *=(![

Annotations:
D:3 1 exclusion


Innate Abilities, Weirdness & Mutations

You are immune to sickness and miasma.
You are immune to poison.
Your flesh is very heat resistant. (rF++)
You are vulnerable to cold. (rC-)
You float through the air rather than walking.
You learn spells naturally, not from books.
Your magical power is your life essence.
You have superior vitality. (+4 MHP)


Message History

The orc is filled with an inner flame.
Casting: Inner Flame (dangerous; 5% risk of failure)
Confirm with . or Enter, or press ? or * to list all spells.
Aiming: Inner Flame (dangerous; 5% risk of failure)
Press: ? - help, Dir - move target, f - orc, p - orc
Aim: an orc, wielding a +0 club (chance to affect: 93%)
You miscast Inner Flame.
Nothing appears to happen.
The orc hits you with a +0 short sword.
Casting: Inner Flame (dangerous; 5% risk of failure)
Confirm with . or Enter, or press ? or * to list all spells.
Aiming: Inner Flame (dangerous; 5% risk of failure)
Press: ? - help, Dir - move target, f/p - orc
Aim: an orc, wielding a +0 club (chance to affect: 93%)
The orc is filled with an inner flame.
* * * LOW HITPOINT WARNING * * *
The orc barely misses you.
Aiming: Shock (safe; 1% risk of failure)
Press: ? - help, Q - select action, (/) - cycle Shift-Dir - straight line, f/p - orc
Aim: an orc, wielding a +0 club (inner flame, 74% to hit)
Okay, then.
Aiming: Shock (safe; 1% risk of failure)
Press: ? - help, Q - select action, (/) - cycle Shift-Dir - straight line, f/p - orc
Aim: an orc, wielding a +0 club (inner flame, 74% to hit)
The zap misses the orc. x2; The zap hits the orc.
Flame seeps out of the orc.
The orc is heavily wounded.
* * * LOW HITPOINT WARNING * * *
The orc is engulfed in blazing flames.
The orc explodes!
The orc hits you but does no damage. The orc hits you with a +0 whip.
* * * LOW HITPOINT WARNING * * *
The orc hits you with a +0 flail.
* * * LOW HITPOINT WARNING * * *
You don't have enough health to cast this spell.
You hit the orc.
Flame seeps out of the orc.
The orc is severely wounded.
The orc is engulfed in blazing flames.
The orc explodes!
The fiery explosion engulfs the orc!! x2; The fiery explosion engulfs you.
You resist.
You die...

######## #.# #......#
### ###.. #......# #...
#...## #......#
#....#~~≈≈ #......#
.....#...##### +......+
.............####......#
.§....o.........'......#
.§○...§@......###......#
.§.§.§○)....#..#####....
....######......#.....~.
... ######.###.~~.~ .
..<≈≈≈≈≈≈ ...#...'.
...#####. ...# #. #.


You could see an orc (inner flame).

Vanquished Creatures
  4 gnolls
  3 adders (D:3)
  A worm (D:2)
  2 dart slugs
  5 orcs (D:3)
  4 bats (D:1)
  13 endoplasms
  5 giant cockroaches
  6 goblins
  8 hobgoblins
  5 kobolds
  4 quokkas
  6 ball pythons
  3 frilled lizards
  2 rats
71 creatures vanquished.

Vanquished Creatures (others)
  86 foxfires
86 creatures vanquished.

Grand Total: 157 creatures vanquished

Notes
Turn   | Place    | Note
-------+----------+-------------------------------------------
     0 | D:1      | zinnoa the Djinni Fire Elementalist began the quest for the
                  | Orb.
     0 | D:1      | zinnoa set off with the following spells memorised:
                  | Foxfire, Scorch, Kindle Blastsparks, Inner Flame, Flame
                  | Wave.
     0 | D:1      | Reached XP level 1. HP: 15/15 MP: 0/0
   122 | D:1      | Reached XP level 2. HP: 17/21 MP: 0/0
   170 | D:1      | Found Fooklory's Armour Emporium.
   171 | D:1      | Found Deloapne's Distillery.
   207 | D:1      | Reached skill level 3 in Spellcasting
   207 | D:1      | Reached XP level 3. HP: 20/25 MP: 0/0
   207 | D:1      | Learned a level 1 spell: Shock
   843 | D:1      | Found Nevvox's Assorted Antiques.
   846 | D:1      | Found Deahaot's Jewellery Boutique.
   971 | D:1      | Found Leoliosch's Antique Weapon Boutique.
  1240 | D:2      | Reached XP level 4. HP: 13/31 MP: 0/0
  2481 | D:3      | Reached XP level 5. HP: 2/35 MP: 0/0
  2481 | D:3      | Learned a level 2 spell: Call Imp
  2738 | D:1      | Bought a +1 leather armour of fire resistance for 154 gold
                  | pieces
  3065 | D:3      | Reached skill level 4 in Spellcasting
  3252 | D:3      | HP: 1/35 [orc/+0 flail (1)]
  3253 | D:3      | Killed by an exploding orc... ignited by their inner flame

Illustrated notes

Levels and vault maps discovered:
D:1:      nicolae_arrival_somewhat_less_tricky_arrival, layout_rooms,
          serial_shops, shop, shop, shop, nicolae_lakefront_shop,
          nicolae_shop_crystal, minmay_misc_feat_ornament, minmay_fountain_box,
          chequers_mini_garden, hangedman_decor_push
D:2:      layout_basic, grunt_decor_resistance, minmay_unequal
D:3:      layout_basic, serial_rivers, chequers_serial_rivers_small_b,
          chequers_serial_rivers_micro_e, chequers_serial_rivers_micro_b,
          chequers_serial_rivers_micro_c, chequers_serial_rivers_micro_d,
          chequers_serial_rivers_micro_d

Skill      XL: |  1  2  3  4  5 |
---------------+----------------+-----
Spellcasting   | 3 4 |  4.1
Stealth        | 2 |  2.4
Armour         | |  0.1
Dodging        | |  2.3

Action                     |  1- 3 |  4- 6 || total
---------------------------+-------+-------++-------
  Melee: Dagger            |       |     1 ||     1
   Cast: Foxfire           |    48 |       ||    48
         Shock             |    15 |    35 ||    50
         Inner Flame       |     7 |    33 ||    40
         Scorch            |     3 |     6 ||     9
 Armour: Leather armour    |       |     2 ||     2
  Dodge: Dodged            |     1 |     1 ||     2

Table legend: (Time is in decaauts)
 A = Elapsed time spent in this place.
 B = Non-inter-level travel time spent in this place.
 C = Inter-level travel time spent in this place.
 D = Time resting spent in this place.
 E = Time spent auto-exploring this place.
 F = Levels seen in this place.
 G = Mean time per level.
                   A        B        C        D        E       F      G
               +--------+--------+--------+--------+--------+-----+--------+
         Total |   3254 |   2990 |    264 |    839 |   1669 |   3 | 1084.7 |
       Dungeon |   3254 |   2990 |    264 |    839 |   1669 |   3 | 1084.7 |
               +--------+--------+--------+--------+--------+-----+--------+

Top non-repeatable levels by time:
     D:1: 1298 daAuts
     D:2: 1243 daAuts
     D:3: 712 daAuts
